 Dungeon Crawl Stone Soup version 0.29.1-15-g9cfb28693d (webtiles) character file.

Game seed: 7890878546951814217

17927 BuddhaDhamma the Executioner (level 12, 0/90 HPs)
             Began as a Minotaur Berserker on Mar 4, 2023.
             Was a High Priest of Trog.
             Slain by a skeletal warrior
             ... wielding a +0 glaive
              (21 damage)
             ... on level 12 of the Dungeon.
             The game lasted 00:24:11 (13533 turns).

BuddhaDhamma the Executioner (Minotaur Berserker)  Turns: 13533, Time: 00:24:11

Health: 0/90       AC: 21    Str: 46    XL:     12   Next: 23%
Magic:  11/11      EV: 10    Int:  4    God:    Trog [*****.]
Gold:   651        SH:  0    Dex: 10    Spells: 11/11 levels left

rFire   x . .      SeeInvis .   a - +4 executioner's axe of Humiblou {vorpal, rF- rCorr Str+7 Stlth+}
rCold   . . .      Faith    +   (shield currently unavailable)
rNeg    . . .      Spirit   .   E - +0 plate armour
rPois   .          Reflect  .   (helmet restricted)
rElec   .          Harm     .   n - +2 cloak
rCorr   +          Rampage  .   v - +2 pair of gloves
Will    .....                   (no boots)
Stlth   ..........              B - amulet of faith
HPRegen 0.25/turn               q - +6 ring of strength
MPRegen 0.12/turn               y - +6 ring of strength

@: no status effects
A: horns 2, retaliatory headbutt
a: Renounce Religion, Berserk, Trog's Hand, Brothers in Arms


You were on level 12 of the Dungeon.
You worshipped Trog.
Trog was extremely pleased with you.
You visited 1 branch of the dungeon, and saw 12 of its levels.
You also visited: Ossuary.

You collected 882 gold pieces.
You spent 231 gold pieces at shops.

Inventory:

Hand Weapons
 a - the +4 executioner's axe of Humiblou (weapon) {vorpal, rF- rCorr Str+7 Stlth+}
   (You acquired it on level 8 of the Dungeon)

   It inflicts extra damage upon your enemies.
   Str:       It affects your strength (+7).
   rF:        It makes you vulnerable to fire.
   rCorr:     It protects you from acid and corrosion.
   Stlth:     It makes you more stealthy.
Missiles
 l - 3 throwing nets
 p - 4 poisoned darts (quivered)
Armour
 n - a +2 cloak (worn)
 v - a +2 pair of gloves (worn)
 E - a +0 plate armour (worn)
Jewellery
 h - a ring of ice
 k - an amulet of reflection
 q - a +6 ring of strength (left hand)
 u - a ring of protection from fire
 y - a +6 ring of strength (right hand)
 B - an amulet of faith (around neck)
 G - the ring "Beathroe" {Ice Str+4}
   (You took it off a deep elf pyromancer on level 12 of the Dungeon)

   [ring of ice]

   It enhances your ice magic.
   Str:       It affects your strength (+4).
   rF:        It makes you vulnerable to fire.
   rC:        It protects you from cold.
Wands
 j - a wand of flame (18)
 w - a wand of digging (5)
 z - a wand of mindburst (39)
Scrolls
 f - 7 scrolls of teleportation
 m - a scroll of silence
 o - 3 scrolls of poison
 F - a scroll of enchant weapon
Potions
 b - 7 potions of curing
 c - 2 potions of lignification
 d - 2 potions of haste
 e - 3 potions of attraction
 g - 6 potions of cancellation
 i - 2 potions of resistance
 r - 3 potions of might
 s - a potion of degeneration
 t - a potion of brilliance
 x - a potion of heal wounds
 A - 2 potions of flight
 C - 2 potions of magic {unknown}
 D - 2 potions of mutation


   Skills:
 - Level 3.6 Fighting
 + Level 21.3 Axes
 + Level 10.3 Armour
 - Level 2.1 Dodging


You had 11 spell levels left.
You didn't know any spells.
Your spell library was empty.

Dungeon Overview and Level Annotations

Branches:
Dungeon (12/15)            Temple (0/1) D:7            Lair (0/5) D:11
    Orc (0/2) D:10        Ossuary (visited)

Altars:
Ashenzari
Elyvilon
Fedhas
Gozag
Qazlal
Ru
Vehumet

Shops:
D:1 [   D:4 [   D:10 [?

Annotations:
D:3 2 transporters, leafyfresh's ghost, amateur OpDe


Innate Abilities, Weirdness & Mutations

You have a pair of horns on your head.
You reflexively headbutt those who attack you in melee.


Message History

The skeletal warrior hits you with a +0 glaive!!
Something hits you. Something hits you but does no damage.
The skeletal warrior hits you with a +0 glaive.
You slash the skeletal warrior!
Your headbutt misses the skeletal warrior.
The skeletal warrior is moderately damaged.
Something hits you but does no damage. x2
The skeletal warrior hits you with a +0 glaive.
You barely miss the skeletal warrior.
You headbutt the skeletal warrior, but do no damage.
The skeletal warrior is moderately damaged.
Something hits you but does no damage. x2
The skeletal warrior hits you with a +0 glaive.
You barely miss the skeletal warrior.
Your headbutt misses the skeletal warrior.
The skeletal warrior is moderately damaged.
Something hits you but does no damage. Something hits you.
You hit the skeletal warrior.
You headbutt the skeletal warrior, but do no damage.
The skeletal warrior is moderately damaged.
You slice something!! x2
Trog accepts your kill.
Reactivating autopickup.
You feel a bit more experienced. Something hits you but does no damage.
Deactivating autopickup; reactivate with Ctrl-A.
The skeletal warrior hits you with a +0 glaive!
You barely miss the skeletal warrior.
Your headbutt misses the skeletal warrior.
The skeletal warrior is moderately damaged.
The skeletal warrior hits you with a +0 glaive.
* * * LOW HITPOINT WARNING * * *
Something hits you.
* * * LOW HITPOINT WARNING * * *
You closely miss the skeletal warrior.
Your headbutt misses the skeletal warrior.
The skeletal warrior is moderately damaged.
You completely miss something. Something hits you.
* * * LOW HITPOINT WARNING * * *
The skeletal warrior hits you with a +0 glaive!!
You die...

#.......###)......###.......###^.
....###......###......###...# ##.
.....#........#........#.....# #.
..#..#..#..#..#:.#..#..#..#...##.
..#######..#######(.#######...##.
.. #..# #..#..#..# #....#. ..
.... #........# ......# ..
......###......## .......
..###....z@.###......###... ...
#.........# ..... .. #..#...#..#
.#..# ## #.⌠.#### #..# #.[. .#
.... ..... ...###


You could see a skeletal warrior.

Vanquished Creatures
  Fannar (D:12)
  2 hydras (D:12)
  A catoblepas (D:11)
  5 two-headed ogres
  A centaur warrior (D:9)
  A deep elf pyromancer (D:12)
  2 cyclopes
  An ugly thing (D:12)
  3 manticores
  An unseen horror (D:12)
  A tengu conjurer (D:12)
  5 trolls
  2 slime creatures
  Sigmund (D:4)
  2 shadows (D:11)
  A wraith (D:12)
  A vampire (D:9)
  A wyvern (D:9)
  6 yaks (D:9)
  4 vampire mosquitoes
  3 steam dragons
  4 acid dragons
  2 wargs (D:11)
  3 water moccasins
  4 orc warriors
  2 ice beasts
  2 black bears
  A sky beast (D:7)
  5 centaurs
  2 ogres
  2 phantoms
  A kobold brigand (D:9)
  A gnoll sergeant (D:11)
  3 bullfrogs
  3 scorpions
  A necrophage (D:5)
  13 wights
  A killer bee (D:9)
  A jelly (D:6)
  Crazy Yiuf (D:2)
  6 orc priests
  A gnoll bouda (D:6)
  3 hounds
  An iguana (D:6)
  11 orc wizards
  Natasha (D:2)
  A mummy (Ossuary)
  7 gnolls
  5 adders
  A shadow imp (D:6)
  An ufetubus (D:5)
  A dart slug (D:1)
  23 orcs
  2 spectral bats (Ossuary)
  3 ball pythons
  4 endoplasms
  3 giant cockroaches (D:2)
  12 gnoll zombies (Ossuary)
  A hobgoblin (D:4)
  4 quokkas
  5 bats
  5 bat simulacra (Ossuary)
  6 frilled lizards
  7 goblins
  2 goblin simulacra (Ossuary)
  7 goblin zombies (Ossuary)
  2 hobgoblin zombies (Ossuary)
  8 kobolds
  5 kobold simulacra (Ossuary)
  A kobold zombie (Ossuary)
  8 orc zombies (Ossuary)
  5 rats
  2 rat simulacra (Ossuary)
  4 spectral goblins (Ossuary)
  A spectral kobold (Ossuary)
  2 spectral rats (Ossuary)
258 creatures vanquished.

Notes
Turn   | Place    | Note
-------+----------+-------------------------------------------
     0 | D:1      | BuddhaDhamma the Minotaur Berserker began the quest for the
                  | Orb.
     0 | D:1      | Reached XP level 1. HP: 19/19 MP: 0/0
   105 | D:1      | Found Miesueg's Antique Armour Shoppe.
   113 | D:1      | Reached skill level 4 in Axes
   294 | D:1      | You fall into a shaft and drop 1 floor!
   313 | D:1      | Reached XP level 2. HP: 26/26 MP: 1/1
   486 | D:1      | Found a faded altar of an unknown god.
  1049 | D:2      | Reached skill level 5 in Axes
  1129 | D:2      | Reached ** piety under Trog
  1130 | D:2      | Reached XP level 3. HP: 31/31 MP: 2/2
  1330 | D:2      | Found a runed translucent door.
  1331 | D:2      | Noticed Crazy Yiuf
  1338 | D:2      | Killed Crazy Yiuf
  1385 | D:2      | Reached XP level 4. HP: 37/39 MP: 3/3
  1512 | D:2      | Noticed Natasha
  1518 | D:2      | Reached skill level 6 in Axes
  1518 | D:2      | Killed Natasha
  1831 | D:3      | Noticed leafyfresh's ghost (amateur OpDe)
  1833 | D:3      | Found a transporter.
  1833 | D:3      | Found a transporter.
  2010 | D:3      | Found a white marble altar of Elyvilon.
  2564 | D:4      | Noticed Sigmund
  2587 | D:4      | Killed Sigmund
  2588 | D:4      | Reached skill level 8 in Axes
  2588 | D:4      | Reached XP level 5. HP: 21/45 MP: 4/4
  2588 | D:4      | Reached XP level 6. HP: 23/51 MP: 5/5
  3041 | D:4      | Found Xeituf's Armour Shoppe.
  3089 | D:4      | Reached skill level 9 in Axes
  3481 | D:5      | Entered Level 5 of the Dungeon
  3553 | D:5      | Found a stormy altar of Qazlal.
  3632 | D:5      | Reached XP level 7. HP: 57/57 MP: 6/6
  3850 | D:5      | Reached skill level 10 in Axes
  4329 | D:6      | Reached skill level 11 in Axes
  4513 | D:4      | Bought a +2 pair of gloves for 231 gold pieces
  4615 | D:6      | Found a broken altar of Ashenzari.
  4725 | D:6      | Reached XP level 8. HP: 33/64 MP: 7/7
  4927 | D:6      | Found the +8 storm bow {elec, penet}
  4946 | D:6      | Reached skill level 12 in Axes
  5371 | D:6      | Reached skill level 13 in Axes
  5662 | D:7      | Reached skill level 14 in Axes
  5717 | D:7      | Found a flagged portal.
  5788 | D:7      | Reached *** piety under Trog
  5963 | D:7      | Reached XP level 9. HP: 60/70 MP: 8/8
  6113 | D:7      | Found a staircase to the Ecumenical Temple.
  6286 | D:7      | Found a radiant altar of Vehumet.
  6865 | D:8      | Noticed a two-headed ogre
  6873 | D:8      | Killed a two-headed ogre
  6874 | D:8      | Reached skill level 15 in Axes
  7085 | D:8      | Found a sand-covered staircase.
  7110 | Ossuary  | Entered an ossuary
  7300 | Ossuary  | Reached **** piety under Trog
  7615 | D:8      | Reached skill level 16 in Axes
  8250 | D:8      | Identified a scroll of acquirement
  8250 | D:8      | Acquired the +4 executioner's axe of Humiblou {vorpal, rF-
                  | rCorr Str+7 Stlth+}
  8307 | D:9      | Noticed a troll
  8310 | D:9      | Killed a troll
  8675 | D:9      | Found an opulent altar of Gozag.
  8693 | D:9      | Reached skill level 17 in Axes
  8693 | D:9      | Reached XP level 10. HP: 59/77 MP: 9/9
  9015 | D:9      | Noticed a centaur warrior
  9031 | D:9      | Reached ***** piety under Trog
  9043 | D:9      | Reached skill level 18 in Axes
  9046 | D:9      | Killed a centaur warrior
  9313 | D:9      | Found a blossoming altar of Fedhas.
  9717 | D:10     | Entered Level 10 of the Dungeon
  9751 | D:10     | Found a sacrificial altar of Ru.
  9776 | D:10     | Noticed a two-headed ogre
  9786 | D:10     | Killed a two-headed ogre
  9787 | D:10     | Reached skill level 19 in Axes
  9917 | D:10     | Identified the +6 scale mail of Wubeuf {Str+5}
 10446 | D:10     | Found Wianomo's Magic Scroll Shop.
 10487 | D:10     | Found a staircase to the Orcish Mines.
 10500 | D:10     | Found Nayrgh Haymm's Antique Armour Shoppe.
 10724 | D:11     | Noticed a catoblepas
 10745 | D:11     | Killed a catoblepas
 10746 | D:11     | Reached XP level 11. HP: 46/82 MP: 10/10
 11136 | D:11     | Reached skill level 5 in Armour
 11315 | D:11     | Found a staircase to the Lair.
 11407 | D:11     | Received a gift from Trog
 11409 | D:11     | Reached skill level 20 in Axes
 12008 | D:11     | Identified the +10 short sword "Peqe" {vorpal, SInv}
 12152 | D:12     | Noticed a four-headed hydra
 12161 | D:12     | Killed an eight-headed hydra
 12311 | D:12     | Noticed a two-headed ogre
 12316 | D:12     | Killed a two-headed ogre
 12688 | D:12     | Noticed Fannar
 12712 | D:12     | Killed Fannar
 12968 | D:12     | Identified the ring "Beathroe" {Ice Str+4}
 12968 | D:12     | Noticed a deep elf pyromancer
 12978 | D:12     | Killed a deep elf pyromancer
 12979 | D:12     | Noticed a two-headed ogre
 12981 | D:12     | Noticed a red ugly thing
 12985 | D:12     | Killed a two-headed ogre
 12989 | D:12     | Killed a red ugly thing
 12990 | D:12     | Reached skill level 21 in Axes
 12990 | D:12     | Reached XP level 12. HP: 27/90 MP: 11/11
 13066 | D:12     | Noticed a seven-headed hydra
 13074 | D:12     | Killed a ten-headed hydra
 13341 | D:12     | Noticed a two-headed ogre
 13344 | D:12     | Killed a two-headed ogre
 13472 | D:12     | Reached skill level 10 in Armour
 13533 | D:12     | Slain by a skeletal warrior

Illustrated notes

Levels and vault maps discovered:
D:1:      moated_graveyard_arrival, layout_basic, serial_shops,
          nicolae_shop_temple_entry_statues_fountains,
          hellmonk_ecumenical_altar_zigzags
D:2:      minmay_door_path, layout_basic, corexii_item_surrounded_by_moat,
          corner_web_ring, uniq_natasha, uniq_crazy_yiuf_cottage
D:3:      layout_loops_cross, elyvilon_altar_4, gammafunk_ghost_arena
D:4:      layout_loops_cross, serial_shops, nicolae_square_shop, uniq_sigmund
D:5:      layout_basic, mainiacjoe_overflow_chevrons
D:6:      layout_loops_ring, kennysheep_mini
D:7:      layout_basic, nicolae_vehumet_altar_sigil,
          minmay_temple_entry_glassed_door, enter_bailey_2, serial_corexii_hall,
          corexii_hall_statues_i, chequers_hall_statues_corner_a,
          minmay_misc_feat_cross
D:8:      layout_layer_cave, enter_ossuary_1
D:9:      layout_loops_cross, mainiacjoe_overflow_six_doors_small,
          minmay_ruined_shrine
D:10:     layout_cave_pools, nicolae_ru_awakened_eye, orc_0_dummy, serial_shops,
          nicolae_lakefront_shop, minivault_22, nicolae_stop_n_shop_1
D:11:     layout_loops_ring, erik_lair_orcish_takeover
D:12:     hangedman_cross_cluster, layout_basic, roderic_serpentine_path,
          uniq_fannar, uniq_sonja

Skill      XL: |  1  2  3  4  5  6  7  8  9 10 11 12 |
---------------+-------------------------------------+-----
Axes           | 4 5 8 9 11 14 17 19 21 | 21.3
Armour         | 4 9 10 | 10.3
Fighting       | |  3.6
Dodging        | |  2.1

Action                   |  1- 3 |  4- 6 |  7- 9 | 10-12 || total
-------------------------+-------+-------+-------+-------++-------
Melee: Hand axe          |    61 |   101 |    89 |       ||   251
       Headbutt          |     7 |    10 |    36 |    30 ||    83
       Battleaxe         |       |       |   130 |       ||   130
       War axe           |       |       |    10 |       ||    10
       Executioner's axe |       |       |    14 |   195 ||   209
Throw: Dart              |       |     2 |       |     7 ||     9
Invok: Berserk           |     1 |     1 |     1 |     2 ||     5
  Use: Scroll            |       |     7 |    10 |     5 ||    22
       Potion            |       |       |       |     3 ||     3
 Stab: Sleeping          |     1 |       |       |       ||     1
Armor: Animal skin       |     3 |       |       |       ||     3
       Chain mail        |    21 |    51 |   113 |    31 ||   216
       Plate armour      |       |       |       |   147 ||   147
Dodge: Dodged            |    34 |    30 |    74 |   119 ||   257
Block: Other             |       |    15 |    11 |       ||    26
       Buckler           |       |     2 |    32 |       ||    34
       Reflection        |       |       |     3 |       ||     3
